 Dungeon Crawl Stone Soup version 0.30-a0-948-g4fa250aae5 (webtiles) character file.

Game seed: 18432993295076590527

75361 avis the Martial Artist (level 14, 0/122 HPs)
             Began as a Demigod Transmuter on Mar 26, 2023.
             Killed from afar by a will-o-the-wisp (30 damage)
             ... with a foxfire
             ... on level 1 of the Swamp.
             The game lasted 03:43:36 (25289 turns).

avis the Martial Artist (Demigod Transmuter)       Turns: 25289, Time: 03:43:36

Health: 0/122      AC: 22    Str: 18    XL:     14   Next: 67%
Magic:  19/25      EV: 19    Int: 19    God:
Gold:   1568       SH: 11    Dex: 22    Spells: 9/23 levels left

rFire   x . .      SeeInvis .      - Unarmed
rCold   + . .      Faith    .    t - +0 buckler
rNeg    . . .      Spirit   .    o - +5 leather armour "Kups" {Regen+ Str+3 Slay+3 Stlth+}
rPois   +          Reflect  +    d - +2 hat
rElec   .          Rampage  .    W - +1 cloak {Will+}
rCorr   .                        g - +2 pair of gloves
Will    ++...                    (no boots)
Stlth   +++                      Q - amulet "Solos" {Reflect Fly rPois SH+5}
HPRegen 1.20/turn                r - +4 ring of slaying
MPRegen 0.19/turn                D - ring of ice

@: ice-armoured, flying, studying Ranged Weapons
A: high MP 1, forlorn, divine attributes
a: no special abilities


You were on level 1 of the Swamp.
You visited 5 branches of the dungeon, and saw 20 of its levels.
You also visited: Sewer, Gauntlet and Ice Cave.

You collected 1568 gold pieces.

Inventory:

Hand Weapons
 a - the +3 short sword "Bitaph" {flame, rCorr}
   (You found it on level 1 of the Spider Nest)

   rCorr:     It protects you from acid and corrosion.
 v - a +0 spectral quarterstaff
Missiles
 h - a throwing net
 B - 3 poisoned darts
Armour
 d - a +2 hat (worn)
 g - a +2 pair of gloves (worn)
 o - the +5 leather armour "Kups" (worn) {Regen+ Str+3 Slay+3 Stlth+}
   (You found it on level 7 of the Dungeon)

   Str:       It affects your strength (+3).
   Slay:      It affects your accuracy & damage with ranged weapons and melee
   (+3).
   Regen:     It increases your rate of health regeneration.
   Stlth:     It makes you more stealthy.
 t - a +0 buckler (worn)
 W - a +1 cloak of willpower (worn)
Jewellery
 r - a +4 ring of slaying (left hand)
 z - a ring of magical power
 D - a ring of ice (right hand)
 K - a ring of fire
 N - a ring of see invisible
 Q - the amulet "Solos" (around neck) {Reflect Fly rPois SH+5}
   (You found it in a Gauntlet)

   [amulet of reflection]

   It reflects blocked missile attacks.
   rPois:     It protects you from poison.
   Fly:       It grants you flight.
   SH:        It affects your SH (+5).
Wands
 q - a wand of charming (34)
 w - a wand of polymorph (7)
 C - a wand of flame (17)
 E - a wand of digging (5)
 G - a wand of roots (17)
 R - a wand of quicksilver (2)
Scrolls
 c - 10 scrolls of blinking
 f - 3 scrolls of magic mapping {unknown}
 j - 2 scrolls of fog
 n - 4 scrolls of immolation {unknown}
 s - 9 scrolls of teleportation
 u - 2 scrolls of vulnerability {unknown}
 y - 3 scrolls of amnesia {unknown}
 H - 2 scrolls of silence {unknown}
 I - 2 scrolls of fear
 L - 6 scrolls of poison {unknown}
 P - 3 scrolls of noise
Potions
 e - a potion of flight
 i - 5 potions of curing
 k - 6 potions of brilliance
 l - 3 potions of lignification
 m - a potion of berserk rage
 p - 4 potions of resistance
 x - 2 potions of cancellation
 A - 2 potions of magic
 M - a potion of ambrosia
 O - a potion of heal wounds
Miscellaneous
 F - a lightning rod (4/4)
 J - a box of beasts


   Skills:
 * Level 10.6 Fighting
 - Level 10.0 Dodging
 - Level 1.0 Stealth
 - Level 5.0 Shields
 - Level 14.0 Unarmed Combat
 - Level 5.0 Spellcasting
 - Level 1.0 Hexes
 - Level 10.0 Transmutations
 - Level 10.0 Ice Magic
 - Level 1.0 Poison Magic


You had 9 spell levels left.
You knew the following spells:

 Your Spells              Type           Power      Damage    Failure   Level
a - Beastly Appendage     Tmut           84%        N/A       1%          1
d - Slow                  Hex            32%        N/A       13%         1
e - Wereblood             Tmut           42%        N/A       1%          2
o - Ozocubu's Armour      Ice            59%        N/A       1%          3
p - Spider Form           Tmut/Pois      25%        N/A       6%          3
q - Ice Form              Ice/Tmut       59%        N/A       3%          4

Your spell library contained the following spells:

 Spells                   Type           Power      Damage    Failure   Level
 Petrify                  Tmut/Erth      23%        N/A       24%         4
 Summon Ice Beast         Ice/Summ       35%        N/A       24%         4
 Sublimation of Blood     Necr           4%         N/A       28%         2
 Confusing Touch          Hex            8%         N/A       36%         3
 Mephitic Cloud           Conj/Pois/Air  6%         N/A       45%         3
 Vampiric Draining        Necr           4%         2d6       50%         3
 Metabolic Englaciation   Hex/Ice        19%        N/A       50%         5
 Irradiate                Conj/Tmut      11%        3d15      56%         5
 Anguish                  Hex/Necr       3%         N/A       83%         4
 Leda's Liquefaction      Hex/Erth       3%         N/A       83%         4
 Animate Armour           Summ/Erth      8%         N/A       88%         4
 Ozocubu's Refrigeration  Ice            29%        4d14      95%         7
 Simulacrum               Ice/Necr       17%        N/A       98%         6
 Conjure Ball Lightning   Conj/Air       2%         3x3d6     100%        6
 Enfeeble                 Hex            4%         N/A       100%        7
 Discord                  Hex            4%         N/A       100%        8
 Disjunction              Tloc           2%         N/A       100%        8
 Polar Vortex             Ice            29%        N/A       100%        9


Dungeon Overview and Level Annotations

Branches:
Dungeon (12/15)            Temple (1/1) D:6            Lair (5/5) D:9
  Swamp (1/4) Lair:3       Spider (1/4) Lair:3        Slime (0/5) Lair:5
    Orc (0/2) D:12          Sewer (visited)           IceCv (visited)
Gauntlet (visited)

Annotations:
D:4 2 transporters, Akorn's ghost, amateur DjDe
D:5 2 transporters
D:10 3 runed translucent doors
Lair:5 1 runed translucent door


Innate Abilities, Weirdness & Mutations

You have an increased reservoir of magic. (+10% MP)
You shall have no god before yourself.
Your divine heritage dramatically boosts your attributes as you level up.


Message History

You turn into a creature of crystalline ice.
Your +1 cloak of willpower melds into your body.
Your +2 hat melds into your body.
Your +2 pair of gloves melds into your body.
Your +0 buckler melds into your body.
The +5 leather armour "Kups" {Regen+ Str+3 Slay+3 Stlth+} melds into your body.
You feel less strong-willed.
The will-o-the-wisp gives a chilling moan.
The will-o-the-wisp gestures.
The will-o-the-wisp conjures some foxfire!
A foxfire comes into view.
A foxfire comes into view.
The foxfire hits you!!! The fire burns you terribly! The foxfire hits you!
The fire burns you terribly!
The will-o-the-wisp gestures.
The will-o-the-wisp conjures some foxfire! 2 foxfires come into view.
A will-o-the-wisp comes into view.
Found 13 gold pieces.
The foxfire hits you!!! The fire burns you terribly! The foxfire hits you!!
The fire burns you terribly!
* * * LOW HITPOINT WARNING * * *
Casting: Ice Form (mildly dangerous; 1% risk of failure)
Confirm with . or Enter, or press ? or * to list all spells.
You feel a surge of power!
Your icy body feels more resilient.
The will-o-the-wisp gives a chilling moan.
The will-o-the-wisp gestures.
The will-o-the-wisp conjures some foxfire!
The will-o-the-wisp gestures.
The will-o-the-wisp conjures some foxfire! 3 foxfires come into view.
You warm up again.
Your +1 cloak of willpower unmelds from your body.
Your +2 hat unmelds from your body.
Your +2 pair of gloves unmelds from your body.
Your +0 buckler unmelds from your body.
The +5 leather armour "Kups" {Regen+ Str+3 Slay+3 Stlth+} unmelds from your body.
You feel strong-willed.
A foxfire comes into view.
The foxfire hits you!! The fire burns you terribly!
You die...

♣v§v....$~...~
♣♣§§.~.~..~...♣
♣~~v.~~..~.~.♣.
♣§~.....~~~..~.
♣~......§§..♣.§.
♣♣....~vv.~..~.~. ♣♣♣♣♣
♣....~.~§..~~..♣.♣♣.~~.
♣..@v........~..~~~.
♣..~~....~~..~..§~~.
♣.~~~~PP~~~~...~~~~.
♣.~~~~PP~~~~..~~~~~.
♣..~~....~~...~~~...
♣..PP....PP..~~~~~~~
♣..PP....PP...~~~~~.
♣..§~....~~....~~~~.
♣.~~~§PP~~~~..§~~~..


You could see 2 will-o-the-wisps.

Vanquished Creatures
  A tentacled monstrosity (Swamp:1)
  Gastronok (Lair:1)
  A fenstrider witch (Swamp:1)
  A frost giant (IceCv)
  Nessos (Lair:4)
  3 bunyips (Swamp:1)
  A minotaur (Gauntlet)
  An entropy weaver (Gauntlet)
  Josephine (Lair:3)
  A ghost crab (Swamp:1)
  4 hydras
  3 catoblepae (Lair:5)
  2 alligators (Swamp:1)
  2 two-headed ogres (D:11)
  9 death yaks
  A skyshark (Lair:4)
  An orb spider (Spider:1)
  A spriggan druid (Swamp:1)
  Pikel (D:6)
  A necromancer (D:10)
  A steelbarb worm (Lair:3)
  An orc knight (D:11)
  A wolf spider (Gauntlet)
  4 manticores
  A will-o-the-wisp (Lair:3)
  9 elephants
  An oklob plant (Lair:2)
  An ice statue (IceCv)
  Maurice (D:11)
  4 black mambas
  A demonic crawler (Spider:1)
  Joseph (D:8)
  Maggie (D:9)
  2 torpor snails
  2 minotaur zombies (Gauntlet)
  19 cane toads
  A kobold demonologist (D:12)
  4 rime drakes
  5 komodo dragons
  15 polar bears
  2 trolls
  6 blink frogs
  2 tarantellas (Spider:1)
  9 dream sheep
  3 culicivoras
  4 jumping spiders
  2 spriggans (Swamp:1)
  6 wraiths
  6 wyverns
  A human (D:3)
  3 basilisks
  8 vampire mosquitoes
  67 yaks
  5 redbacks
  A steam dragon (D:8)
  2 death yak simulacra (Lair:2)
  3 swamp worms (Swamp:1)
  13 water moccasins
  6 orc warriors
  2 sky beasts
  2 black bears
  An ice beast (D:9)
  An ogre (D:5)
  4 centaurs
  35 wolves
  A lemure (D:6)
  2 phantoms
  8 kobold brigands
  7 bullfrogs
  Blork the orc (D:6)
  A gnoll sergeant (D:5)
  4 scorpions
  8 killer bees
  2 electric eels (Lair:3)
  5 howler monkeys
  4 hounds
  12 jellies
  15 orc priests
  6 iguanas
  Ijyb (D:5)
  3 sleepcaps
  8 orc wizards
  4 hell rats (Lair:2)
  2 polar bear simulacra
  2 yak simulacra (D:10)
  A wolf simulacrum (D:10)
  11 gnolls
  3 river rats (Lair:2)
  14 adders
  4 shadow imps
  3 white imps
  3 ufetubi (D:6)
  A worm (D:2)
  57 orcs
  11 ball pythons
  8 bats
  15 endoplasms
  4 giant cockroaches
  9 goblins
  6 hobgoblins
  3 jackals (D:4)
  5 quokkas
  4 frilled lizards
  24 kobolds
  A kobold skeleton (D:3)
  19 rats
  7 river rat simulacra (D:10)
615 creatures vanquished.

Vanquished Creatures (collateral kills)
  2 death yaks (IceCv)
2 creatures vanquished.

Vanquished Creatures (others)
  A butterfly (D:3)
  2 demonic plants (D:6)
  6 foxfires
  11 fungi
  35 plants
55 creatures vanquished.

Grand Total: 672 creatures vanquished

Notes
Turn   | Place    | Note
-------+----------+-------------------------------------------
     0 | D:1      | avis the Demigod Transmuter began the quest for the Orb.
     0 | D:1      | Reached XP level 1. HP: 15/15 MP: 5/5
    10 | D:1      | Reached skill level 1 in Fighting
   108 | D:1      | Reached skill level 3 in Unarmed Combat
   220 | D:1      | Reached XP level 2. HP: 17/23 MP: 5/7
   416 | D:1      | You fall into a shaft and drop 1 floor!
   427 | D:2      | Identified the +7 whip of Agony {drain, Will+ Dex+3}
   433 | D:2      | Reached skill level 1 in Poison Magic
   433 | D:2      | Reached XP level 3. HP: 20/29 MP: 8/8
   613 | D:2      | Learned a level 2 spell: Wereblood
   617 | D:2      | Learned a level 3 spell: Spider Form
   747 | D:2      | Reached XP level 4. HP: 26/36 MP: 7/9
  1276 | D:2      | Reached skill level 4 in Unarmed Combat
  1667 | D:3      | Found a runed translucent door.
  1667 | D:3      | Noticed a human
  1723 | D:3      | Reached XP level 5. HP: 32/41 MP: 10/10
  1830 | D:3      | Found a glowing drain.
  1844 | Sewer    | Entered a sewer
  2189 | Sewer    | Reached XP level 6. HP: 34/51 MP: 12/12
  2321 | D:3      | Learned a level 4 spell: Ice Form
  2833 | D:3      | Killed a human
  2834 | D:3      | Reached XP level 7. HP: 57/57 MP: 12/14
  3462 | D:4      | Saw a vision of the Swamp and the Spider Nest.
  3462 | D:4      | Noticed a culicivora
  3462 | D:4      | Noticed a pharaoh ant
  3462 | D:4      | Noticed a tarantella
  3462 | D:4      | Noticed an entropy weaver
  3462 | D:4      | Noticed an orb spider
  3462 | D:4      | Noticed a pharaoh ant
  3462 | D:4      | Noticed a jumping spider
  3462 | D:4      | Noticed an orb spider
  3462 | D:4      | Noticed a goliath frog
  3462 | D:4      | Noticed a broodmother
  3462 | D:4      | Noticed a jumping spider
  3462 | D:4      | Noticed a wolf spider
  3463 | D:4      | Noticed a radroach
  3463 | D:4      | Noticed a bog body
  3467 | D:4      | Noticed a will-o-the-wisp
  3522 | D:4      | Found a transporter.
  3522 | D:4      | Noticed Akorn's ghost (amateur DjDe)
  3736 | D:4      | Found a transporter.
  4086 | D:5      | Entered Level 5 of the Dungeon
  4494 | D:5      | Noticed Ijyb
  4501 | D:5      | Killed Ijyb
  4518 | D:5      | Reached skill level 1 in Shields
  5157 | D:5      | Found a transporter.
  5159 | D:5      | Noticed a fire bat
  5160 | D:5      | Noticed a fire bat
  5192 | D:5      | Reached XP level 8. HP: 49/66 MP: 12/15
  5657 | D:5      | Found a transporter.
  6532 | D:6      | Noticed Pikel
  6545 | D:6      | Killed Pikel
  6546 | D:6      | Reached skill level 5 in Transmutations
  6770 | D:6      | Reached skill level 5 in Unarmed Combat
  6812 | D:6      | Noticed Blork the orc
  6830 | D:6      | Killed Blork the orc
  7084 | D:6      | Reached XP level 9. HP: 71/71 MP: 13/18
  7196 | D:6      | Reached skill level 6 in Unarmed Combat
  7318 | D:6      | Reached skill level 1 in Stealth
  7541 | D:6      | Found a staircase to the Ecumenical Temple.
  7858 | Temple   | Entered the Ecumenical Temple
  8441 | D:7      | Identified the +5 leather armour "Kups" {Regen+ Str+3
                  | Slay+3 Stlth+}
  8477 | D:7      | Reached skill level 7 in Unarmed Combat
  9578 | D:8      | Noticed Joseph
  9621 | D:8      | Reached skill level 8 in Unarmed Combat
  9820 | D:8      | Killed Joseph
  9821 | D:8      | Reached skill level 5 in Fighting
 10210 | D:8      | Reached skill level 5 in Dodging
 10220 | D:8      | Reached skill level 5 in Shields
 10220 | D:8      | Reached XP level 10. HP: 72/81 MP: 19/19
 11018 | D:9      | Found a staircase to the Lair.
 11135 | D:9      | Noticed Maggie
 11164 | D:9      | Killed Maggie
 11222 | D:9      | Reached skill level 5 in Spellcasting
 11486 | Lair:1   | Entered Level 1 of the Lair of Beasts
 11492 | Lair:1   | Noticed a torpor snail
 11493 | Lair:1   | Noticed a death yak
 11502 | D:9      | Killed a torpor snail
 11625 | Lair:1   | Killed a death yak
 11882 | Lair:1   | Noticed Gastronok
 11901 | Lair:1   | Killed Gastronok
 11902 | Lair:1   | Reached XP level 11. HP: 26/89 MP: 19/22
 11924 | Lair:1   | HP: 1/106 [wolf (5)]
 12359 | Lair:1   | Reached skill level 9 in Unarmed Combat
 13007 | Lair:1   | Learned a level 1 spell: Slow
 13025 | D:10     | Entered Level 10 of the Dungeon
 13377 | D:10     | Reached skill level 1 in Hexes
 13486 | D:10     | Learned a level 3 spell: Ozocubu's Armour
 13560 | D:10     | Found a runed translucent gate.
 13560 | D:10     | Found a runed translucent gate.
 13560 | D:10     | Found a runed translucent gate.
 13696 | D:10     | Reached skill level 10 in Unarmed Combat
 13957 | D:10     | Noticed a necromancer
 13967 | D:10     | Killed a necromancer
 13968 | D:10     | Reached skill level 5 in Ice Magic
 14313 | Lair:2   | Found a frozen archway.
 14348 | IceCv    | Entered an ice cave
 14473 | IceCv    | Noticed a death yak
 14474 | IceCv    | Noticed a death yak
 14474 | IceCv    | Noticed a death yak
 14498 | IceCv    | Killed a death yak
 14506 | IceCv    | Killed a death yak
 14518 | IceCv    | Killed a death yak
 14604 | IceCv    | Reached XP level 12. HP: 64/101 MP: 21/23
 15029 | IceCv    | Noticed a frost giant
 15066 | IceCv    | Killed a frost giant
 15086 | IceCv    | Reached skill level 11 in Unarmed Combat
 15184 | IceCv    | Got the Incunabulum of Pestilent Detritus
 15186 | IceCv    | Got Mach's Precepts of Frost
 15191 | IceCv    | Identified the staff of conjuration "Jebbobb" {rF+ Will+}
 16357 | Lair:2   | Identified the +9 scale mail of Sunlight {rF+}
 16639 | Lair:3   | Noticed Josephine
 16643 | Lair:3   | Killed Josephine
 16644 | Lair:3   | Reached skill level 12 in Unarmed Combat
 16813 | Lair:3   | Found a staircase to the Swamp.
 16840 | Lair:3   | Found a hole to the Spider Nest.
 17136 | Lair:3   | Reached XP level 13. HP: 111/111 MP: 18/24
 18193 | Lair:4   | Noticed Nessos
 18232 | Lair:4   | Killed Nessos
 18233 | Lair:4   | Reached skill level 10 in Fighting
 18503 | Lair:4   | Reached skill level 10 in Dodging
 19338 | Lair:5   | Entered Level 5 of the Lair of Beasts
 19652 | Lair:5   | Reached skill level 10 in Transmutations
 20047 | Lair:5   | Found a runed translucent door.
 20050 | Lair:5   | Found a staircase to the Slime Pits.
 21304 | Lair:5   | Reached XP level 14. HP: 86/121 MP: 21/25
 21428 | Lair:5   | Reached skill level 13 in Unarmed Combat
 22319 | D:11     | Noticed Maurice
 22333 | D:11     | Killed Maurice
 22714 | D:12     | Found a staircase to the Orcish Mines.
 22861 | D:12     | Found a gate leading to a gauntlet.
 22869 | Gauntlet | Entered a Gauntlet
 22869 | Gauntlet | Found a transporter.
 22869 | Gauntlet | Found a transporter.
 22871 | Gauntlet | Found a transporter.
 22884 | Gauntlet | Found a transporter.
 22892 | Gauntlet | Found a transporter.
 22898 | Gauntlet | Found a transporter.
 22899 | Gauntlet | Found a transporter.
 22928 | Gauntlet | Found a transporter.
 22946 | Gauntlet | Found a transporter.
 23037 | Gauntlet | Found a transporter.
 23039 | Gauntlet | Found a transporter.
 23059 | Gauntlet | Found a transporter.
 23275 | Gauntlet | Identified the amulet "Solos" {Reflect Fly rPois SH+5}
 23295 | Gauntlet | Identified the +7 quarterstaff "Xifu" {heavy, Will++
                  | Stlth+}
 23510 | D:12     | Reached skill level 14 in Unarmed Combat
 24158 | Spider:1 | Entered Level 1 of the Spider Nest
 24385 | Spider:1 | Identified the +3 short sword "Bitaph" {flame, rCorr}
 24547 | Swamp:1  | Entered Level 1 of the Swamp
 24731 | Swamp:1  | Noticed a tentacled monstrosity
 24746 | Swamp:1  | Killed a tentacled monstrosity
 24831 | Swamp:1  | Noticed a fenstrider witch
 24841 | Swamp:1  | Reached skill level 10 in Ice Magic
 24847 | Swamp:1  | Killed a fenstrider witch
 25289 | Swamp:1  | Killed from afar by a will-o-the-wisp

Illustrated notes

Levels and vault maps discovered:
D:1:      minmay_arrival_radiant_lines, layout_loops_ring
D:2:      layout_basic
D:3:      layout_rooms, dk_yredelemnul_ordeal, nicolae_elyvilon_peaceful_grove,
          portal_sewer_entry_c
D:4:      layout_loops_ring, grunt_ashenzari_visionary
          [grunt_ashenzari_visionary_swamp, grunt_ashenzari_visionary_spider],
          gammafunk_ghost_mausoleum, serial_park_tiny_2
D:5:      gammafunk_cloud_chamber, layout_loops_cross,
          mainiacjoe_overflow_tiny_flanked, bloody_makhleb, minivault_25,
          kennysheep_generic_room_12, uniq_ijyb
D:6:      layout_loops_ring, nicolae_overflow_hidden_temple,
          mainiacjoe_overflow_paths, temple_hall, serial_demonic,
          serial_demonic_c, serial_demonic_a, serial_demonic_g,
          serial_demonic_f, serial_demonic_c, uniq_pikel, uniq_blork_the_orc
D:7:      layout_basic, lemuel_coloured_pillars_altar,
          nicolae_ru_sacrificial_ziggurat
D:8:      layout_loops_corners, uniq_joseph
D:9:      layout_rooms, hellmonk_lair_entry_icy, nicolae_elevator_lobby_plus,
          uniq_maggie
D:10:     layout_roguey, kennysheep_little_box,
          gammafunk_temple_overflow_statue,
          ploomutoo_gammafunk_ghost_potion_laboratory, reono_crystal_passage,
          eino_house_with_fridge
D:11:     layout_rooms, special_room [special_room_orc], uniq_maurice
D:12:     layout_long_grid, orc_0_dummy, gauntlet_entry_generic,
          kennysheep_small_circle
Temple:   compressed_dpeg_circular_temple
Lair:1:   layout_cave_shapes, grunt_forest_stairs_basic,
          chequers_serial_rivers_large_a, chequers_serial_rivers_room_b,
          beast_lair_carwin_2, lemuel_fruit_tree, grunt_megastairs_5,
          uniq_gastronok
Lair:2:   lemuel_slime, layout_hall_layers, portal_ice_cave_entry_ice_simulacra,
          kennysheep_abandoned_house
Lair:3:   layout_hall_layers, minmay_swamp_entry_wisps,
          nicolae_spider_entry_tight_spaces, serial_bayou_shore_a,
          uniq_josephine
Lair:4:   layout_cave_pods, basic_altar, beast_lair_carwin_3, uniq_nessos
Lair:5:   evilmike_catoblepas_cave, layout_cave_pods, slime_entry_2,
          serial_bayou_pond_e
Swamp:1:  layout_basic_swamp, nicolae_swamp_some_circles
Spider:1: layout_spider_delve, uniq_asterion, uniq_kirke

Skill      XL: |  1  2  3  4  5  6  7  8  9 10 11 12 13 14 |
---------------+-------------------------------------------+-----
Fighting       | 1 2 3 4 5 6 8 9 10 | 10.6
Unarmed Combat | 3 4 5 8 10 12 14 | 14.0
Dodging        | 2 3 4 5 6 7 8 10 | 10.0
Spellcasting   | 2 3 4 5 |  5.0
Transmutations | 2 3 4 5 8 9 10 | 10.0
Poison Magic   | 1 |  1.0
Ice Magic      | 2 4 6 8 10 | 10.0
Shields        | 3 4 5 |  5.0
Stealth        | 1 |  1.0
Hexes          | 1 |  1.0

Action                     |  1- 3 |  4- 6 |  7- 9 | 10-12 | 13-15 || total
---------------------------+-------+-------+-------+-------+-------++-------
  Melee: Unarmed           |    39 |    65 |   373 |   734 |   782 ||  1993
         Kick              |    10 |    12 |    29 |    66 |     1 ||   118
         Punch             |     2 |     2 |       |       |       ||     4
         Headbutt          |     4 |     8 |    14 |    37 |       ||    63
         Whip              |    29 |    77 |    37 |       |       ||   143
   Fire: Sling             |       |     1 |       |       |       ||     1
   Cast: Beastly Appendage |    22 |    28 |    21 |    11 |     1 ||    83
         Spider Form       |       |    10 |    57 |     6 |     4 ||    77
         Wereblood         |       |       |     1 |    18 |    24 ||    43
         Ice Form          |       |       |     4 |    43 |    46 ||    93
         Ozocubu's Armour  |       |       |       |    27 |    62 ||    89
         Slow              |       |       |       |     1 |       ||     1
Ability: End Transformatio |       |     1 |     2 |     5 |     3 ||    11
  Evoke: Wand              |       |       |       |     2 |     6 ||     8
    Use: Scroll            |       |       |     9 |     7 |     7 ||    23
         Potion            |       |       |     1 |     9 |     1 ||    11
   Stab: Sleeping          |     2 |     5 |     4 |     4 |     2 ||    17
         Distracted        |       |       |     1 |     1 |       ||     2
 Armour: Robe              |    10 |     6 |     5 |       |       ||    21
         Skin              |       |     8 |    12 |   144 |   200 ||   364
         Leather armour    |       |       |    15 |    41 |    60 ||   116
  Dodge: Dodged            |    35 |   117 |   372 |   441 |   534 ||  1499
  Block: Buckler           |       |       |    23 |    37 |    74 ||   134
         Other             |       |       |       |       |    18 ||    18
         Reflection        |       |       |       |       |     1 ||     1

Table legend: (Time is in decaauts)
 A = Elapsed time spent in this place.
 B = Non-inter-level travel time spent in this place.
 C = Inter-level travel time spent in this place.
 D = Time resting spent in this place.
 E = Time spent auto-exploring this place.
 F = Levels seen in this place.
 G = Mean time per level.
                   A        B        C        D        E       F      G
               +--------+--------+--------+--------+--------+-----+--------+
         Total |  25054 |  22648 |   2406 |   5092 |   8860 |  23 | 1089.3 |
       Dungeon |  14620 |  12774 |   1846 |   2619 |   5619 |  12 | 1218.3 |
        Temple |     35 |     33 |      2 |      0 |      0 |   1 |   35.0 |
          Lair |   7795 |   7238 |    557 |   1930 |   2888 |   5 | 1559.0 |
         Swamp |    666 |    666 |      0 |     53 |    353 |   1 |  666.0 |
   Spider Nest |    129 |    129 |      0 |      0 |      0 |   1 |  129.0 |
         Sewer |    446 |    446 |      0 |    155 |      0 |   1 |  446.0 |
      Ice Cave |    825 |    825 |      0 |    206 |      0 |   1 |  825.0 |
      Gauntlet |    535 |    535 |      0 |    129 |      0 |   1 |  535.0 |
               +--------+--------+--------+--------+--------+-----+--------+

Top non-repeatable levels by time:
     D:5: 1765 daAuts
  Lair:5: 1757 daAuts
  Lair:4: 1713 daAuts
  Lair:3: 1705 daAuts
     D:6: 1486 daAuts
     D:4: 1462 daAuts
     D:7: 1450 daAuts
     D:9: 1415 daAuts
  Lair:2: 1359 daAuts
    D:10: 1319 daAuts
  Lair:1: 1259 daAuts
     D:8: 1246 daAuts
     D:2: 1111 daAuts
     D:3: 1006 daAuts
    D:12: 827 daAuts
